 Dungeon Crawl Stone Soup version 0.21.1-1-g345015fe64 (webtiles) character file.

1419 Gunterle the Skirmisher (level 9, -7/72 HPs)
             Began as a Formicid Abyssal Knight on July 2, 2018.
             Was a Priest of Lugonu.
             Mangled by a two-headed ogre
             ... wielding a +0 giant club
              (15 damage)
             ... on level 5 of the Dungeon on July 3, 2018.
             The game lasted 02:11:20 (10341 turns).

Gunterle the Skirmisher (Formicid Abyssal Knight)  Turns: 10341, Time: 02:11:20

Health: -7/72      AC:  4    Str: 19    XL:     9   Next: 2%
Magic:  12/12      EV: 11    Int: 13    God:    Lugonu [***...]
Gold:   265        SH:  0    Dex: 10    Spells: 8/8 levels left

rFire    . . .     SeeInvis +   g - +2 hand axe (distort)
rCold    . . .     Gourm    .   (no shield)
rNeg     . . .     Faith    .   b - +0 leather armour
rPois    .         Spirit   .   (helmet unavailable)
rElec    .         Reflect  .   (no cloak)
rCorr    .         Harm     .   t - +0 pair of gloves
MR       .....                  (no boots)
Stlth    +.........             (no amulet)
HPRegen  0.22/turn              (no ring)
MPRegen  0.13/turn              (no ring)

@: no status effects
A: permanent stasis, dig shafts and tunnels, four strong arms, antennae 3
a: Dig, Shaft Self, Depart the Abyss, Bend Space, Banish, Renounce Religion


You were on level 5 of the Dungeon.
You worshipped Lugonu.
Lugonu was most pleased with you.
You were not hungry.

You visited 1 branch of the dungeon, and saw 6 of its levels.
You visited the Abyss 1 time.

You collected 265 gold pieces.

Inventory:

Hand Weapons
 a - a +1 spear
 g - a +2 hand axe of distortion (weapon)
 q - a +0 trident
 r - a +0 halberd
 v - a +0 hunting sling
 x - a +0 whip of pain
 C - a +2 hand axe of flaming
Missiles
 f - 154 stones
 n - 16 poisoned needles
 s - 2 tomahawks (quivered)
 u - 14 bolts
 w - 3 large rocks
Armour
 b - a +0 leather armour (worn)
 o - a +0 chain mail
 t - a +0 pair of gloves (worn)
Jewellery
 y - an uncursed ring of loudness
Scrolls
 e - 3 scrolls of remove curse
 h - a scroll of amnesia
 j - 4 scrolls of enchant armour
 l - 2 scrolls of magic mapping
 m - a scroll of identify
 D - a scroll of noise {unknown}
 F - a scroll of immolation {unknown}
 G - a scroll of summoning {unknown}
Potions
 d - a potion of heal wounds {unknown}
 i - a potion of lignification {unknown}
 k - 3 potions of flight
 p - 3 potions of curing
 z - a potion of resistance {unknown}
 B - 2 potions of magic {unknown}
 E - a potion of invisibility {unknown}
Books
 A - a book of Death

   Spells                             Type                      Level
   a - Corpse Rot                     Necromancy                   2
   b - Sublimation of Blood           Necromancy                   2
   c - Agony                          Necromancy                   5
   d - Dispel Undead                  Necromancy                   5
   e - Excruciating Wounds            Charms/Necromancy            5
   f - Bolt of Draining               Conjuration/Necromancy       5
Comestibles
 c - 11 rations


   Skills:
 * Level 7.4 Fighting
 - Level 0.3(4.0) Axes
 * Level 6.4 Polearms
 - Level 0.1 Throwing
 + Level 4.9 Armour
 - Level 0.8 Dodging
 + Level 5.2 Invocations


You had 8 spell levels left.
You didn't know any spells.

Dungeon Overview and Level Annotations

Branches:
Dungeon (6/15)
 Temple: D:4-7

Altars:
Nemelex Xobeh
Ru
Wu Jian

Shops:
D:5 :

Annotations:
D:6 Edmund


Innate Abilities, Weirdness & Mutations

You cannot be hasted, slowed, berserked, paralysed or teleported.
You can dig through walls and to a lower floor.
Your four strong arms can wield two-handed weapons with a shield.
You have a pair of large antennae on your head. (SInv)


Message History

There is a stone staircase leading up here.
You hit the two-headed ogre but do no damage.
Space warps horribly around the two-headed ogre!
The two-headed ogre is moderately wounded.
The two-headed ogre hits you with a giant club!
The two-headed ogre misses you.
You barely miss the two-headed ogre.
The two-headed ogre is moderately wounded.
The two-headed ogre hits you with a giant club!!
The two-headed ogre closely misses you.
You hit the two-headed ogre.
Space warps horribly around the two-headed ogre!
The two-headed ogre is heavily wounded.
The two-headed ogre closely misses you.
The two-headed ogre hits you with a giant club!!
* * * LOW HITPOINT WARNING * * *
You hit the two-headed ogre.
Space bends around the two-headed ogre.
The two-headed ogre is severely wounded.
The two-headed ogre hits you with a giant club!
You die...

##### ##...## ##.....## ####
#.......# ...#### #.......#
......####.......## #####
..................## ##...###
................@..## ##⌠.⌠....
...............O....# #.._.....
....................# #.⌠.⌠....
....................# ##........
....................# ##.........
...#................###..........
....∩...............##...........
.................................
#....................).#.........


You could see a two-headed ogre.

Vanquished Creatures
  The ghost of Schimscham the Magician, an amateur OpWz (D:4)
  A black bear (D:3)
  An ice beast (D:5)
  2 ogres
  A phantom (D:4)
  3 scorpions
  A crimson imp (D:5)
  A centaur skeleton (D:4)
  4 orc priests
  2 hounds
  An orc wizard (D:3)
  2 iguanas
  5 worker ants
  10 gnolls
  8 adders
  2 shadow imps
  An ooze (D:3)
  4 worms
  3 dart slugs
  3 leopard geckos
  16 orcs
  3 giant cockroaches
  5 goblins (D:2)
  4 hobgoblins (D:2)
  4 jackals (D:6)
  3 quokkas
  A ball python (D:1)
  8 bats
  2 frilled lizards
  6 kobolds
  A leopard gecko zombie (D:5)
  A quokka skeleton (D:4)
  12 rats
122 creatures vanquished.

Notes
Turn   | Place    | Note
-------+----------+-------------------------------------------
     0 | Abyss:1  | Gunterle the Formicid Abyssal Knight began the quest for the Orb.
     0 | Abyss:1  | Reached XP level 1. HP: 18/18 MP: 2/2
    74 | Abyss:1  | Found a corrupted altar of Lugonu.
    95 | Abyss:1  | Noticed a large abomination
    96 | D:1      | Escaped the Abyss
   351 | D:1      | Reached * piety under Lugonu
   384 | D:1      | Reached XP level 2. HP: 24/24 MP: 3/3
  1257 | D:2      | Reached XP level 3. HP: 25/30 MP: 4/4
  1907 | D:2      | Reached skill level 4 in Fighting
  1940 | D:2      | Reached XP level 4. HP: 25/37 MP: 5/5
  3944 | D:3      | Reached XP level 5. HP: 43/43 MP: 6/6
  4265 | D:2      | Reached ** piety under Lugonu
  4906 | D:3      | Reached XP level 6. HP: 50/50 MP: 8/8
  5023 | D:3      | Reached skill level 5 in Fighting
  5858 | D:4      | Noticed Schimscham's ghost (amateur OpWz)
  5865 | D:4      | Noticed a black bear
  5885 | D:3      | Killed a black bear
  5885 | D:3      | Reached XP level 7. HP: 37/56 MP: 9/9
  6619 | D:4      | Killed Schimscham's ghost
  6619 | D:4      | Reached skill level 5 in Polearms
  6670 | D:4      | Reached skill level 6 in Fighting
  6691 | D:4      | Reached XP level 8. HP: 64/64 MP: 11/11
  6746 | D:4      | Found a sacrificial altar of Ru.
  7687 | D:5      | Entered Level 5 of the Dungeon
  7711 | D:4      | You fall through a shaft!
  7711 | D:5      | Found a sparkling altar of Nemelex Xobeh.
  8235 | D:5      | Found Todit Rye's Book Emporium.
  8282 | D:5      | Reached *** piety under Lugonu
  8282 | D:5      | Reached skill level 7 in Fighting
  8680 | D:6      | Reached skill level 5 in Invocations
  8692 | D:6      | Noticed Edmund
  8891 | D:5      | Found an ornate altar of the Wu Jian Council.
  9444 | D:6      | Reached XP level 9. HP: 52/72 MP: 12/12
 10011 | D:6      | Noticed a two-headed ogre
 10341 | D:5      | Mangled by a two-headed ogre

Skill      XL: |  1  2  3  4  5  6  7  8 |
---------------+-------------------------+-----
Polearms       | 3 4 5 6 |  6.4
Fighting       | 4 5 6 7 |  7.4
Armour         | 3 4 |  4.9
Invocations    | 3 4 5 |  5.2
Axes           | |  0.3
Throwing       | |  0.1
Dodging        | |  0.8

Action                   |  1- 3 |  4- 6 |  7- 9 || total
-------------------------+-------+-------+-------++-------
Melee: Spear             |    78 |   174 |   313 ||   565
       Hand axe          |       |    28 |    40 ||    68
Throw: Tomahawk          |    30 |    26 |    76 ||   132
       Stone             |     7 |    41 |    15 ||    63
       Throwing net      |       |       |     1 ||     1
Invok: Depart the Abyss  |     1 |       |       ||     1
 Abil: Dig               |       |     1 |     2 ||     3
  Use: Scroll            |     4 |     1 |     5 ||    10
       Potion            |     2 |       |     1 ||     3
 Stab: Held in net/web   |       |       |     1 ||     1
  Eat: Chunk             |     3 |     9 |     8 ||    20
       Ration            |       |     1 |     2 ||     3
Armor: Leather armour    |     9 |    55 |    55 ||   119
Dodge: Dodged            |    33 |   126 |   135 ||   294
